 Dungeon Crawl Stone Soup version 0.27.1-1-g398f81649c (webtiles) character file.

Game seed: 17291865647118174516

12 Icepheonix32 the Cutter (level 2, 0/17 HPs)
             Began as a Kobold Warper on Sept 11, 2021.
             Frozen to death by an endoplasm (5 damage)
             ... on level 1 of the Dungeon.
             The game lasted 00:00:38 (476 turns).

Icepheonix32 the Cutter (Kobold Warper)              Turns: 476, Time: 00:00:39

Health: 0/17       AC:  3    Str:  8    XL:     2   Next: 45%
Magic:  5/5        EV: 14    Int: 14    God:
Gold:   46         SH:  0    Dex: 14    Spells: 5/5 levels left

rFire    . . .     SeeInvis .   a - +0 short sword
rCold    . . .     Faith    .   (shield restricted)
rNeg     . . .     Spirit   .   b - +0 leather armour
rPois    .         Reflect  .   (no helmet)
rElec    .         Harm     .   (no cloak)
rCorr    .         Rampage  .   (no gloves)
Will     .....                  (no boots)
Stlth    ++........             (no amulet)
HPRegen  0.05/turn              (no ring)
MPRegen  0.09/turn              (no ring)

@: no status effects
A: small, no large weapons, nightstalker 3
a: no special abilities


You were on level 1 of the Dungeon.
You visited 1 branch of the dungeon, and saw 1 of its levels.

You collected 46 gold pieces.

Inventory:

Hand Weapons
 a - a +0 short sword (weapon)
Missiles
 d - 5 boomerangs of dispersal (quivered)
Armour
 b - a +0 leather armour (worn)
Scrolls
 c - a scroll of blinking
 f - a scroll of identify {unknown}
Potions
 e - a potion of degeneration {unknown}


   Skills:
 - Level 2.1 Fighting
 + Level 3.2 Short Blades
 - Level 1.1 Throwing
 - Level 0.7 Armour
 * Level 3.0 Dodging
 + Level 0.8 Stealth
 - Level 2.1 Spellcasting
 - Level 3.0 Translocations


You had 5 spell levels left.
You didn't know any spells.
Your spell library contained the following spells:

 Spells                   Type           Power      Damage    Failure   Level
 Blink                    Tloc           N/A        N/A       14%         2
 Gell's Gravitas          Tloc           4%         N/A       28%         3
 Lesser Beckoning         Tloc           4%         N/A       28%         3
 Teleport Other           Tloc           9%         N/A       28%         3
 Manifold Assault         Tloc           9%         N/A       95%         5


Dungeon Overview and Level Annotations

Branches:
Dungeon (1/15)

Altars:


Innate Abilities, Weirdness & Mutations

You are small and have problems with some larger weapons.
You are completely attuned to the shadows.


Message History

Found 13 gold pieces.
Found 11 stones.
A rat comes into view.
A ball python and an endoplasm come into view.
Found a stone staircase leading down.
The ball python barely misses you. The ball python grabs you.
The ball python constricts you.
You see here 13 gold pieces.
You hit the ball python but do no damage.
The ball python barely misses you. The ball python constricts you.
You closely miss the ball python.
The endoplasm quivers.
The ball python misses you. The ball python constricts you.
You hit the ball python but do no damage.
The ball python bites you. The ball python constricts you.
You hit the ball python but do no damage.
The ball python bites you. The ball python constricts you.
You completely miss the ball python. The ball python completely misses you.
The ball python constricts you. The endoplasm freezes you.
You are frozen.
The ball python bites you.
* * * LOW HITPOINT WARNING * * *
The ball python constricts you.
You are too injured to fight recklessly!
You are too injured to fight recklessly!
You are too injured to fight recklessly!
You are too injured to fight recklessly!
You are too injured to fight recklessly!
You are too injured to fight recklessly!
You are too injured to fight recklessly!
You are too injured to fight recklessly!
You are too injured to fight recklessly!
You are too injured to fight recklessly!
You are too injured to fight recklessly!
You are too injured to fight recklessly!
You escape the ball python's grasp.
You hit the endoplasm but do no damage. The endoplasm misses you.
You barely miss the endoplasm. The endoplasm freezes you.
You are frozen.
You die...

#####+#####..........#.#.#
............#.####.###.#.#
#####.#####.#.....#......#
#.......######.###.###
#######.# ##.# #...# #..
..# ###.# #.# #.# #.#
...#####.#####.#
#(SJ@........#
.....###.####..# #.#.#.
#.# #..# >.r. ....# #..#
.## ....# #..# #..#


You could see an endoplasm, a ball python and a rat (asleep).

Vanquished Creatures
  A bat (D:1)
  2 endoplasms (D:1)
  2 giant cockroaches (D:1)
  2 hobgoblins (D:1)
  A ball python (D:1)
  2 frilled lizards (D:1)
  A kobold (D:1)
11 creatures vanquished.

Notes
Turn   | Place    | Note
-------+----------+-------------------------------------------
     0 | D:1      | Icepheonix32 the Kobold Warper began the quest for the Orb.
     0 | D:1      | Reached XP level 1. HP: 12/12 MP: 3/3
   186 | D:1      | Reached XP level 2. HP: 10/17 MP: 5/5
   476 | D:1      | Frozen to death by an endoplasm

Illustrated notes

Levels and vault maps discovered:
D:1:      beargit_arrival_greenhouse, layout_loops_ring, st_stairs_11

Skill      XL: |  1  2 |
---------------+-------+-----
Short Blades   | 3 |  3.2
Dodging        | 3 |  3.0
Fighting       | |  2.1
Throwing       | |  1.1
Armour         | |  0.7
Stealth        | |  0.8
Spellcasting   | |  2.1
Translocations | |  3.0

Action                   || total
-------------------------++-------
Melee: Short sword       ||    32
 Stab: Sleeping          ||     7
       Distracted        ||     1
Armor: Leather armour    ||     3
Dodge: Dodged            ||    15
